 Dungeon Crawl Stone Soup version 0.17.1-1-g73c8601 (webtiles) character file.

3404 lucasterio the Basher (level 9, -1/63 HPs)
             Began as a Demonspawn Berserker on Dec 21, 2015.
             Was a High Priest of Trog.
             Slain by a killer bee (9 damage)
             ... on level 8 of the Dungeon.
             The game lasted 00:29:22 (6349 turns).

lucasterio the Basher (Demonspawn Berserker)        Turns: 6349, Time: 00:29:22

Health: -1/63      AC: 17    Str: 20    XL:     9   Next: 75%
Magic:  9/9        EV: 10    Int:  8    God:    Trog [*****.]
Gold:   385        SH:  0    Dex: 14    Spells: 0 memorised, 8 levels left

rFire  . . .     SeeInvis +     P - +2 flail (crush)
rCold  + + .     Clarity  .     b - +0 ice dragon armour
rNeg   . . .     SustAt   .     (no shield)
rPois  +         Gourm    .     O - +1 hat
rElec  .         Spirit   .     J - +2 cloak {+Inv}
rCorr  .         Warding  .     W - +0 pair of gloves
rMut   .         Stasis   .     (no boots)
MR     .....                    (no amulet)
Stlth  ..........               s - ring of see invisible
                                l - ring of protection from fire

@: exhausted, very slightly contaminated, hasted and slowed, not resistant to
hostile enchantments, extremely unstealthy
A: antennae 2, demonic guardian 1, poison resistance, powered by death 2
a: Berserk, Trog's Hand, Brothers in Arms, Burn Spellbooks, Renounce Religion,
Evoke Invisibility


You were on level 8 of the Dungeon.
You worshipped Trog.
Trog was extremely pleased with you.
You were hungry.

You visited 1 branch of the dungeon, and saw 8 of its levels.

You collected 385 gold pieces.

Inventory:

Hand Weapons
 E - a +0 morningstar
 P - a +2 flail of crushing (weapon)
 Q - a +0 hunting sling
Missiles
 n - 228 stones (quivered)
 r - 24 sling bullets
 B - 9 poisoned sling bullets
 C - 5 throwing nets
 S - 9 sling bullets of flame
Armour
 b - a +0 ice dragon armour (worn)
 d - a +1 chain mail of fire resistance
 J - a +2 cloak of invisibility (worn)
 K - a +0 buckler
 O - a +1 hat (worn)
 W - a +0 pair of gloves (worn)
Rods
 M - a -2 rod of destruction (14/14)
   (You found it on level 4 of the Dungeon)
Jewellery
 i - an uncursed ring of sustain attributes
 l - a ring of protection from fire (left hand)
 m - an uncursed amulet of resist mutation
 s - a ring of see invisible (right hand)
 X - an uncursed ring of magical power
Wands
 a - a wand of fireball (11)
 j - a wand of digging (9)
 H - a wand of fire (4)
Scrolls
 e - 3 scrolls of fog
 g - 3 scrolls of remove curse
 o - 5 scrolls of identify
 p - a scroll of magic mapping {unknown}
 q - 5 scrolls of teleportation {unknown}
 w - 4 scrolls of random uselessness {unknown}
 x - 2 scrolls of recharging {unknown}
 y - a scroll of blinking {unknown}
 z - 2 scrolls of fear {unknown}
 D - a scroll of amnesia {unknown}
 G - a scroll of enchant weapon {unknown}
 T - a scroll of noise {unknown}
 U - a scroll of immolation {unknown}
 V - a scroll of acquirement {unknown}
Potions
 k - a potion of curing
 t - a potion of mutation
 u - a potion of brilliance {unknown}
 v - a potion of cancellation
 A - a potion of ambrosia
Comestibles
 c - 5 bread rations
 f - 5 meat rations
 h - 16 chunks of flesh
 N - 6 fruits


   Skills:
 - Level 3.0 Fighting
 * Level 10.7 Maces & Flails
 + Level 7.5 Armour
 - Level 1.7 Dodging


You had 8 spell levels left.
You didn't know any spells.

Dungeon Overview and Level Annotations

Branches:
Dungeon (8/15)             Temple (0/1) D:7
   Lair: D:8-11

Altars:
Gozag
Nemelex Xobeh
Okawaru
Qazlal
Trog
Vehumet
Zin


Innate Abilities, Weirdness & Mutations

You have a pair of antennae on your head.
A weak demonic guardian rushes to your aid.
You regenerate health from kills.
Your system is resistant to poisons.


Message History

You hit the killer bee.
The killer bee is moderately wounded.
The killer bee barely misses your white imp.
The killer bee stings you but does no damage.
The killer bee stings your white imp.
The killer bee stings you but does no damage.
Your white imp gestures at the killer bee.
The puff of frost hits the killer bee.
The killer bee stings your white imp.
Your white imp dies!
The killer bee stings you!
* * * LOW HITPOINT WARNING * * *
The killer bee buzzes angrily.
You feel less regenerative. The killer bee completely misses you.
The killer bee barely misses you. The killer bee stings you.
* * * LOW HITPOINT WARNING * * *
The killer bee closely misses you.
The killer bee stings you but does no damage. x2
The killer bee stings you!
You die...

#.....'...##.....#
#..[..#)..##.....#
#.....#.>.##....##
#.....#...##....#
#...#######.....##
.....#####.......#
.....))..........##
########..........# #
#........@y## ##
##........yyy# .##
##.........#.y## ..#
##.........###y.#
..###.........## #.y##
..##.........## #...#
##..........######...###..
#...).............†.......
).........................


You could see a queen bee and 6 killer bees.

Vanquished Creatures
  A wyvern (D:8)
  A hungry ghost (D:7)
  A wolf (D:8)
  Edmund (D:5)
  The ghost of pedritolo the Conjurer, an amateur TeAE (D:3)
  A phantom (D:5)
  A sky beast (D:6)
  An ice beast (D:7)
  An ogre (D:4)
  A centaur (D:7)
  4 gnoll sergeants
  A scorpion (D:4)
  2 giant frogs (D:8)
  A water moccasin skeleton (D:6)
  4 wights (D:7)
  2 killer bees (D:8)
  10 crimson imps
  6 hounds
  2 jellies
  An orc priest (D:6)
  2 giant frog zombies
  An orc wizard (D:7)
  A giant frog skeleton (D:6)
  9 worker ants
  2 hound skeletons (D:4)
  27 gnolls
  10 adders
  A shadow imp (D:6)
  An ooze (D:6)
  An adder skeleton (D:8)
  2 adder zombies (D:5)
  A worm (D:3)
  4 giant geckos
  16 orcs
  3 ball pythons
  4 giant cockroaches
  9 goblins
  8 hobgoblins
  10 jackals
  3 quokkas
  4 bats
  2 giant gecko skeletons (D:7)
  5 giant newts
  A jackal skeleton (D:4)
  10 kobolds
  A quokka zombie (D:6)
  8 rats
189 creatures vanquished.

Vanquished Creatures (collateral kills)
  A two-headed ogre (D:8)
  A deep elf mage (D:5)
  A gnoll shaman (D:8)
  A gnoll (D:8)
4 creatures vanquished.

Grand Total: 193 creatures vanquished

Notes
Turn   | Place    | Note
--------------------------------------------------------------
     0 | D:1      | lucasterio the Demonspawn Berserker began the quest for the Orb.
     0 | D:1      | Reached XP level 1. HP: 18/18 MP: 1/1
   256 | D:1      | Gained mutation: You regenerate a little health from kills. [demonic ancestry]
   256 | D:1      | Reached XP level 2. HP: 22/24 MP: 2/2
   859 | D:2      | Found a faded altar to an unknown god.
   906 | D:2      | Gained mutation: You have a pair of small antennae on your head. [demonic ancestry]
   906 | D:2      | Reached XP level 3. HP: 21/29 MP: 3/3
   980 | D:2      | Reached ** piety under Trog
  1122 | D:2      | Found a stormy altar of Qazlal.
  1226 | D:2      | Found a glowing silver altar of Zin.
  1226 | D:2      | Found a sparkling altar of Nemelex Xobeh.
  1226 | D:2      | Found an opulent altar of Gozag.
  1528 | D:3      | Reached XP level 4. HP: 31/35 MP: 4/4
  1724 | D:3      | Reached skill level 4 in Maces & Flails
  1747 | D:3      | Noticed pedritolo's ghost (amateur TeAE)
  1756 | D:3      | Killed pedritolo's ghost
  1756 | D:3      | Gained mutation: You regenerate health from kills. [demonic ancestry]
  1756 | D:3      | Reached XP level 5. HP: 41/41 MP: 5/5
  1847 | D:3      | Reached skill level 5 in Maces & Flails
  2263 | D:4      | Gained mutation: You have a pair of antennae on your head. [demonic ancestry]
  2263 | D:4      | Reached XP level 6. HP: 47/47 MP: 6/6
  2389 | D:4      | Noticed an ogre
  2396 | D:4      | Killed an ogre
  2396 | D:4      | Reached skill level 6 in Maces & Flails
  2576 | D:4      | Reached *** piety under Trog
  2651 | D:4      | Gained mutation: A weak demonic guardian rushes to your aid. [demonic ancestry]
  2651 | D:4      | Reached XP level 7. HP: 52/52 MP: 7/7
  2719 | D:5      | Entered Level 5 of the Dungeon
  2749 | D:5      | Noticed a deep elf mage
  2771 | D:5      | Killed a deep elf mage
  2881 | D:5      | Reached skill level 7 in Maces & Flails
  2895 | D:5      | Noticed Edmund
  2903 | D:5      | Killed Edmund
  2903 | D:5      | Reached skill level 5 in Armour
  2992 | D:5      | Reached XP level 8. HP: 58/58 MP: 8/8
  3171 | D:5      | Found a radiant altar of Vehumet.
  3629 | D:6      | Reached skill level 8 in Maces & Flails
  3816 | D:6      | Reached **** piety under Trog
  3852 | D:6      | Identified a -2 rod of destruction (14/14) (You found it on level 4 of the Dungeon)
  4191 | D:6      | Found an iron altar of Okawaru.
  4192 | D:6      | Found a bloodstained altar of Trog.
  4605 | D:7      | Reached skill level 9 in Maces & Flails
  4762 | D:7      | Reached XP level 9. HP: 63/63 MP: 9/9
  4841 | D:7      | Found a staircase to the Ecumenical Temple.
  4914 | D:6      | Gained mutation: Your body sometimes deteriorates upon taking damage. [potion of mutation]
  4914 | D:6      | Gained mutation: Scrolls take you a little longer to read. [potion of mutation]
  4914 | D:6      | Gained mutation: You are weak. (Str -2) [potion of mutation]
  4915 | D:6      | Lost mutation: Scrolls take you a little longer to read. [potion of cure mutation]
  4915 | D:6      | Lost mutation: Your body sometimes deteriorates upon taking damage. [potion of cure mutation]
  4915 | D:6      | Lost mutation: You are weak. (Str -2) [potion of cure mutation]
  4916 | D:6      | Gained mutation: Your system is resistant to poisons. [potion of beneficial mutation]
  5787 | D:8      | Reached skill level 10 in Maces & Flails
  5814 | D:8      | Reached ***** piety under Trog
  6349 | D:8      | Slain by a killer bee

Action                   |  1- 3 |  4- 6 |  7- 9 || total
-------------------------+-------+-------+-------++-------
Melee: Mace              |   136 |    69 |       ||   205
       Morningstar       |       |    59 |    66 ||   125
       Flail             |       |       |   424 ||   424
Invok: Berserk           |       |     2 |     4 ||     6
       Burn Spellbooks   |       |       |     1 ||     1
  Use: Scroll            |       |       |    11 ||    11
       Potion            |       |       |     5 ||     5
  Eat: Chunk             |     2 |     5 |    16 ||    23
       Beef jerky        |       |       |     1 ||     1
